 Dungeon Crawl Stone Soup version 0.30-a0-778-g2ef04afb54 (webtiles) character file.

Game seed: 16448316446473670971

7508 Smoke131 the Fighter (level 11, -1/117 HPs)
             Began as an Ogre Gladiator on Feb 16, 2023.
             Was an Elder of Okawaru.
             Slain by a gnoll sergeant
             ... wielding a +0 halberd
              (9 damage)
             ... in a bailey on Feb 17, 2023.
             The game lasted 00:42:20 (13906 turns).

Smoke131 the Fighter (Ogre Gladiator)              Turns: 13906, Time: 00:42:20

Health: -1/117     AC:  9    Str: 26    XL:     11   Next: 16%
Magic:  0/17       EV:  7    Int:  9    God:    Okawaru [****..]
Gold:   806        SH:  0    Dex: 16    Spells: 10/10 levels left

rFire   . . .      SeeInvis +    j - +1 whip (elec)
rCold   . . .      Faith    .    (no shield)
rNeg    . . .      Spirit   +    H - +0 steam dragon scales
rPois   .          Reflect  .    c - +1 hat
rElec   .          Harm     .    m - +1 cloak {rCorr}
rCorr   +          Rampage  .    (gloves unavailable)
Will    +....                    (boots unavailable)
Stlth   ++                       v - amulet of guardian spirit
HPRegen 0.39/turn                t - +6 ring of strength
MPRegen 0.15/turn                D - ring of resist corrosion

@: held
A: large, unfitting armour, tough skin 1, horns 1, thin skeletal structure 1,
see invisible, evolution 1
a: Renounce Religion, Heroism, Finesse


You were in a bailey.
You worshipped Okawaru.
Okawaru was greatly pleased with you.
You visited 2 branches of the dungeon, and saw 11 of its levels.
You also visited: Bailey.

You collected 806 gold pieces.

Inventory:

Hand Weapons
 j - a +1 whip of electrocution (weapon)
 u - a +5 falchion
 F - a +0 battleaxe
Missiles
 f - 109 stones
 r - 21 poisoned darts
 y - 5 large rocks (quivered)
 A - 3 throwing nets
 E - 5 boomerangs
 K - a silver boomerang
 L - a javelin
Armour
 c - a +1 hat (worn)
 e - a +1 robe of cold resistance
 m - a +1 cloak of preservation (worn)
 w - a +0 kite shield
 H - +0 steam dragon scales (worn)
Jewellery
 i - a ring of protection from fire
 t - a +6 ring of strength (left hand)
 v - an amulet of guardian spirit (around neck)
 D - a ring of resist corrosion (right hand)
Wands
 b - a wand of roots (14)
 I - a wand of digging (7)
Scrolls
 k - 5 scrolls of vulnerability
 n - a scroll of poison
 p - 3 scrolls of teleportation
 s - 2 scrolls of identify
 x - 2 scrolls of enchant armour
 B - a scroll of magic mapping
 C - a scroll of summoning {unknown}
 M - a scroll of fog
Potions
 a - 4 potions of curing
 g - 4 potions of flight
 l - 3 potions of brilliance
 q - 3 potions of haste
 z - a potion of lignification {unknown}
 G - a potion of invisibility
 J - a potion of cancellation {unknown}


   Skills:
 - Level 10.0 Fighting
 - Level 3.0 Axes
 + Level 8.9 Throwing
 + Level 8.4 Dodging
 + Level 5.1 Shields
 + Level 8.2 Invocations


You had 10 spell levels left.
You didn't know any spells.
Your spell library contained the following spells:

 Spells                   Type           Power      Damage    Failure   Level
 Apportation              Tloc           0%         N/A       38%         1
 Necrotise                Necr           0%         1d4       38%         1
 Sting                    Tmut/Pois      0%         1d3       38%         1
 Poisonous Vapours        Pois/Air       0%         N/A       52%         2
 Static Discharge         Conj/Air       0%         2-2/arc   52%         2
 Vhi's Electric Charge    Tloc/Air       0%         N/A       77%         3
 Olgreb's Toxic Radiance  Pois           0%         N/A       99%         4
 Arcjolt                  Conj/Air       0%         1d10      100%        5
 Lightning Bolt           Conj/Air       0%         1d11      100%        5
 Summon Small Mammal      Summ           Unusable   N/A       N/A         1

Dungeon Overview and Level Annotations

Branches:
Dungeon (10/15)            Temple (1/1) D:5             Orc (0/2) D:9
 Bailey (1/1)
   Lair: D:8-11

Altars:
Ashenzari
Cheibriados
Elyvilon
Fedhas
Gozag
Hepliaklqana
Kikubaaqudgha
Makhleb
Nemelex Xobeh
Okawaru
Qazlal
Ru
Sif Muna
Trog
Uskayaw
Vehumet
Wu Jian
Xom
Yredelemnul
Zin
The Shining One

Shops:
D:8 [

Annotations:
D:9 4 transporters


Innate Abilities, Weirdness & Mutations

You are too large for most types of armour.
You have tough skin. (AC +1)
You have a pair of small horns on your head.
You have a somewhat thin skeletal structure. (Dex +2, Stealth+)
You have supernaturally acute eyesight. (SInv)
You have hidden genetic potential.


Message History

The gnoll sergeant hits you from afar with a +0 halberd!
You struggle against the net.
The gnoll hits you with a +0 trident! The gnoll sergeant closely misses you.
The gnoll sergeant hits you from afar with a +0 glaive!
You struggle against the net.
The gnoll hits you but does no damage. The gnoll bouda barely misses you.
The gnoll sergeant barely misses you.
The gnoll sergeant hits you from afar with a +0 halberd.
You struggle against the net.
The gnoll closely misses you.
The gnoll bouda hits you from afar with a +0 trident!
The gnoll sergeant hits you from afar with a +0 glaive!
The gnoll sergeant hits you from afar with a +0 halberd!
* * * LOW HITPOINT WARNING * * *
You feel much better. The gnoll hits you with a +0 trident.
The gnoll bouda hits you from afar with a +0 trident!
The gnoll sergeant hits you from afar with a +0 halberd!
The gnoll sergeant hits you from afar with a +0 glaive!
* * * LOW HITPOINT WARNING * * *
You feel much better. The gnoll hits you with a +0 trident!
The gnoll bouda hits you from afar with a +0 trident!
The gnoll sergeant hits you from afar with a +0 halberd!
* * * LOW HITPOINT WARNING * * *
The gnoll sergeant hits you but does no damage.
As you read the scroll labelled VAECZE IRHIYSH, it crumbles to dust.
It is a scroll of amnesia.
You feel forgetful for a moment. The gnoll hits you with a +0 trident.
* * * LOW HITPOINT WARNING * * *
The gnoll bouda closely misses you. The gnoll sergeant barely misses you.
The gnoll sergeant hits you from afar with a +0 halberd!
* * * LOW HITPOINT WARNING * * *
As you read the scroll labelled SEAHIOK XECK, it crumbles to dust.
You hear a loud clanging noise!
It was a scroll of noise.
You hear a shout! x3; You hear a howl! x2; You hear a shout!
You hear a howl!
You hear a shout! x14
The gnoll hits you with a +0 trident.
* * * LOW HITPOINT WARNING * * *
The gnoll bouda hits you from afar with a +0 trident.
* * * LOW HITPOINT WARNING * * *
The gnoll sergeant hits you from afar with a +0 halberd!
You die...

♣♣...........♣♣♣
...............♣
≈≈≈≈≈≈...≈≈≈≈≈≈≈♣
...............≈≈♣
................≈♣
######'''######.≈♣
#...# .≈♣ #.g.#
#≈♣ #.@.# ≈♣ ##'##


#ggg# #gggg.# #...g...# #..$8$..# #.......# ##.....## ##...## You could see 2
gnoll sergeants, a gnoll bouda and 6 gnolls.

Vanquished Creatures
  A two-headed ogre (D:8)
  Pikel (D:4)
  A cyclops (D:9)
  Psyche (D:8)
  Grinder (D:3)
  Prince Ribbit (D:9)
  4 yaks
  Eustachio (D:4)
  A wraith (D:10)
  3 steam dragons
  Duvessa (D:6)
  2 acid dragons (D:9)
  3 ice beasts
  A swamp drake (D:9)
  4 orc warriors
  2 sky beasts
  4 ogres
  2 centaurs
  A kobold brigand (D:9)
  A phantom (D:4)
  A lemure (D:4)
  2 bullfrogs
  A necrophage (D:7)
  A gnoll sergeant (D:9)
  3 scorpions
  7 wights
  Dowan (D:6)
  11 killer bees
  Crazy Yiuf (D:3)
  8 hounds
  3 jellies
  2 gnoll boudas
  5 orc priests
  Terence (D:3)
  Natasha (thrice) (D:3)
  5 orc wizards
  Ijyb (D:3)
  13 gnolls
  4 adders
  A worm (D:2)
  2 dart slugs
  33 orcs
  5 ball pythons
  11 bats
  10 endoplasms
  5 giant cockroaches
  6 goblins
  9 hobgoblins
  6 jackals
  13 kobolds
  3 quokkas
  4 frilled lizards
  8 rats
  A spectral hobgoblin (D:5)
226 creatures vanquished.

Notes
Turn   | Place    | Note
-------+----------+-------------------------------------------
     0 | D:1      | Smoke131 the Ogre Gladiator began the quest for the Orb.
     0 | D:1      | Reached XP level 1. HP: 22/22 MP: 1/1
    84 | D:1      | Reached skill level 3 in Fighting
    91 | D:1      | Reached XP level 2. HP: 16/31 MP: 2/2
   454 | D:1      | Reached XP level 3. HP: 37/37 MP: 3/3
  1181 | D:2      | Reached XP level 4. HP: 47/48 MP: 4/4
  1247 | D:2      | Reached skill level 4 in Fighting
  1957 | D:3      | Found a faded altar of an unknown god.
  2130 | D:3      | Noticed Terence
  2131 | D:3      | Killed Terence
  2135 | D:3      | Noticed Ijyb
  2334 | D:3      | Reached XP level 5. HP: 54/55 MP: 5/5
  2743 | D:3      | Killed Ijyb
  2941 | D:3      | Found a runed translucent door.
  2942 | D:3      | Noticed Crazy Yiuf
  2986 | D:3      | Noticed Natasha
  2993 | D:3      | Killed Natasha
  3110 | D:3      | Noticed Grinder
  3122 | D:3      | Killed Grinder
  3123 | D:3      | Reached skill level 5 in Fighting
  3123 | D:3      | Reached XP level 6. HP: 11/67 MP: 6/6
  3361 | D:3      | Killed Crazy Yiuf
  3639 | D:3      | Noticed Natasha
  3645 | D:3      | Killed Natasha
  3730 | D:3      | Noticed Natasha
  4096 | D:3      | Killed Natasha
  4097 | D:3      | Reached skill level 6 in Fighting
  4097 | D:3      | Reached XP level 7. HP: 75/75 MP: 7/7
  4248 | D:4      | Noticed Pikel
  4326 | D:4      | Killed Pikel
  4327 | D:4      | Reached skill level 7 in Fighting
  4327 | D:4      | Reached skill level 5 in Throwing
  4327 | D:4      | Reached skill level 5 in Dodging
  4327 | D:4      | Reached XP level 8. HP: 17/87 MP: 8/8
  4718 | D:4      | Noticed Eustachio
  5011 | D:4      | Killed Eustachio
  5779 | D:5      | Entered Level 5 of the Dungeon
  6033 | D:5      | Reached skill level 8 in Fighting
  6050 | D:5      | Found a staircase to the Ecumenical Temple.
  6071 | Temple   | Entered the Ecumenical Temple
  6135 | Temple   | Became a worshipper of Warmaster Okawaru
  6221 | D:4      | Reached skill level 1 in Invocations
  6576 | D:5      | Found a blossoming altar of Fedhas.
  6578 | D:5      | Found a glowing silver altar of Zin.
  6906 | D:5      | Found a hazy altar of Hepliaklqana.
  7064 | D:5      | Reached * piety under Okawaru
  7186 | D:6      | Reached XP level 9. HP: 48/96 MP: 12/12
  7600 | D:6      | Reached skill level 5 in Invocations
  7813 | D:6      | Identified the +1 pair of gloves of the Chupacabra {Dex+2}
  8283 | D:6      | Reached skill level 9 in Fighting
  8484 | D:6      | Noticed Duvessa
  8484 | D:6      | Noticed Dowan
  8498 | D:6      | Killed Duvessa
  8510 | D:6      | Killed Dowan
  8510 | D:6      | Reached ** piety under Okawaru
  8760 | D:6      | Gained mutation: You have a pair of small horns on your
                  | head. [potion of mutation]
  8760 | D:6      | Gained mutation: You have hidden genetic potential. [potion
                  | of mutation]
  8760 | D:6      | Gained mutation: You have a somewhat thin skeletal
                  | structure. (Dex +2, Stealth+) [potion of mutation]
  9448 | D:7      | Reached skill level 1 in Shields
  9576 | D:7      | Found an ornate altar of the Wu Jian Council.
  9880 | D:8      | Reached XP level 10. HP: 66/98 MP: 8/14
 10332 | D:8      | Noticed Psyche
 10420 | D:8      | Killed Psyche
 10420 | D:8      | Reached *** piety under Okawaru
 10433 | D:8      | Noticed a +0 hand axe
 10434 | D:8      | Noticed a +0 dagger
 10435 | D:8      | Found a hide-covered altar of Uskayaw.
 10625 | D:8      | Found Fyegeyrch's Antique Armour Boutique.
 10716 | D:8      | Reached skill level 10 in Fighting
 10978 | D:8      | Found a basalt altar of Yredelemnul.
 10978 | D:8      | Found an opulent altar of Gozag.
 10983 | D:8      | Noticed a two-headed ogre
 10989 | D:8      | Killed a two-headed ogre
 11002 | D:8      | Gained mutation: You have supernaturally acute eyesight.
                  | (SInv) [hidden potential]
 11638 | D:9      | Noticed a cyclops
 11693 | D:9      | Killed a cyclops
 11693 | D:9      | Reached **** piety under Okawaru
 12663 | D:9      | Received a gift from Okawaru
 12742 | D:9      | Noticed Prince Ribbit
 12756 | D:9      | Killed Prince Ribbit
 12757 | D:9      | Reached XP level 11. HP: 91/117 MP: 12/16
 12925 | D:9      | Found a transporter.
 12931 | D:9      | Found a transporter.
 12933 | D:9      | Found a transporter.
 12936 | D:9      | Found a transporter.
 13110 | D:9      | Found a staircase to the Orcish Mines.
 13135 | D:9      | Received a gift from Okawaru
 13136 | D:9      | Reached skill level 5 in Shields
 13697 | D:10     | Entered Level 10 of the Dungeon
 13772 | D:10     | Found a flagged portal.
 13789 | Bailey   | Entered a bailey
 13906 | Bailey   | Slain by a gnoll sergeant

Illustrated notes

Levels and vault maps discovered:
D:1:      evilmike_arrival_fibonacci_small, layout_rooms, chequers_mini_garden,
          chequers_decorated_corner, minmay_tetromino_o2
D:2:      layout_basic, hangedman_decor_growths, st_stairs_10,
          grunt_decor_resistance, fountainhead
D:3:      layout_loops_ring, basic_ecumenical_altar, small_statue_intersection,
          dk_noncrumbling_4, uniq_crazy_yiuf_cottage, uniq_natasha,
          uniq_terence, uniq_ijyb, uniq_grinder
D:4:      layout_basic, uniq_pikel, uniq_eustachio
D:5:      layout_loops_cross, nicolae_hepliaklqana_monster_ancestors,
          nicolae_overflow_hidden_temple, temple_pool_b
D:6:      layout_loops_ring, lemuel_flame_loot_1, uniq_duvessa
D:7:      layout_basic, mainiacjoe_overflow_chevrons
D:8:      layout_loops_ring, dancing_weapons_uskayaw,
          gammafunk_temple_overflow_wave, serial_shops, nicolae_take_the_stairs,
          uniq_psyche
D:9:      layout_cave_pools, erik_orc_1, corexii_corridor_pit,
          nicolae_diode_intersection, uniq_prince_ribbit1
D:10:     layout_roguey, nicolae_dithmenos_through_a_glass_darkly,
          enter_bailey_4
Temple:   compressed_dpeg_circular_temple
Bailey:   bailey_polearm_gnolls_kennysheep, bailey

Skill      XL: |  1  2  3  4  5  6  7  8  9 10 11 |
---------------+----------------------------------+-----
Fighting       | 3 4 5 6 7 8 9 10 | 10.0
Dodging        | 3 4 5 6 7 8 |  8.4
Throwing       | 3 4 5 6 7 8 |  8.9
Invocations    | 4 6 7 8 |  8.2
Shields        | 1 4 5 |  5.1
Axes           | |  3.0

Action                     |  1- 3 |  4- 6 |  7- 9 | 10-12 || total
---------------------------+-------+-------+-------+-------++-------
  Melee: War axe           |    52 |       |       |       ||    52
         Punch             |     2 |       |     5 |     3 ||    10
         Whip              |    47 |   125 |   358 |   275 ||   805
         Headbutt          |       |       |    16 |    45 ||    61
  Throw: Large rock        |       |     9 |     8 |    20 ||    37
         Throwing net      |       |     1 |     2 |       ||     3
         Dart              |       |       |    32 |    19 ||    51
         Boomerang         |       |       |       |    17 ||    17
  Evoke: Wand              |       |       |       |     2 ||     2
    Use: Scroll            |       |     8 |     6 |     3 ||    17
         Potion            |       |       |     7 |     2 ||     9
   Stab: Sleeping          |     1 |       |     3 |     1 ||     5
         Distracted        |       |     1 |       |       ||     1
 Armour: Robe              |    36 |    45 |    61 |       ||   142
         Skin              |       |       |    44 |       ||    44
         Steam dragon scal |       |       |     2 |   120 ||   122
  Dodge: Dodged            |    69 |    93 |   216 |   273 ||   651

Table legend: (Time is in decaauts)
 A = Elapsed time spent in this place.
 B = Non-inter-level travel time spent in this place.
 C = Inter-level travel time spent in this place.
 D = Time resting spent in this place.
 E = Time spent auto-exploring this place.
 F = Levels seen in this place.
 G = Mean time per level.
                   A        B        C        D        E       F      G
               +--------+--------+--------+--------+--------+-----+--------+
         Total |  13960 |  12887 |   1073 |   4001 |   5453 |  12 | 1163.3 |
       Dungeon |  13767 |  12694 |   1073 |   3948 |   5392 |  10 | 1376.7 |
        Temple |     75 |     75 |      0 |      0 |     44 |   1 |   75.0 |
        Bailey |    117 |    117 |      0 |     53 |     17 |   1 |  117.0 |
               +--------+--------+--------+--------+--------+-----+--------+

Top non-repeatable levels by time:
     D:8: 2233 daAuts
     D:6: 2100 daAuts
     D:3: 2057 daAuts
     D:4: 1714 daAuts
     D:9: 1627 daAuts
     D:2: 1395 daAuts
     D:5: 1187 daAuts
     D:1: 703 daAuts
     D:7: 650 daAuts
  Bailey: 117 daAuts
    D:10: 98 daAuts
  Temple: 75 daAuts
